AoeStats
← Aye-Aye [LDKoala] - modo furioso

Lombardia

509439812Analyzed
3v3 RM · 5d ago on Sep 26, 2026· 55m 2s· 6 players
Game mode
Random Map
Map size
Normal (6 player)
Population
200
Speed
Normal
Resources
Standard
Victory
Conquest
Starting age
Dark Age
Ending age
Imperial Age
RankedLock teamsTeams togetherTeam positionsShared explorationLock speedFull tech treeHidden civsTurbo modeCheats
Victory
Defeat
987
+16
986
+16
🇵🇪 Mongols · Peru
973
+17
🇫🇷 Japanese · France
1050
-18
🇫🇷 Vikings · France
1000
-17
🇫🇷 Franks · France
936
-14
Peppenjaimer (rovastar99)
6:47 Loom
11:28 Feudal Age
12:06 Double-Bit Axe
19:44 Castle Age
18:24 Scale Barding Armor
20:36 Bow Saw
30:53 Gold Mining
39:17 Imperial Age
38:25 Gold Shaft Mining
37:41 Stone Mining
39:05 Wheelbarrow
39:29 Cavalier
40:33 Chain Barding Armor
40:17 Husbandry
40:30 Bloodlines
42:00 Plate Barding Armor
46:32 Paladin
ivgash
4:34 Loom
10:29 Feudal Age
13:08 Wheelbarrow
19:06 Castle Age
17:39 Scale Barding Armor
17:56 Double-Bit Axe
26:25 Forging
40:21 Nomads
41:17 Ballistics
46:53 Imperial Age
44:18 Fletching
44:28 Padded Archer Armor
45:53 Fortified Wall
46:28 Bow Saw
47:20 Hand Cart
47:14 Elite Mangudai
48:30 Hoardings
48:16 Leather Archer Armor
49:40 Drill
49:43 Conscription
49:21 Bodkin Arrow
50:29 Iron Casting
53:23 Chemistry
52:39 Capped Ram
55:24 Thumb Ring
54:43 Siege Ram
54:47 Heavy Scorpion
Aye-Aye [LDKoala] - modo furioso
7:27 Loom
10:18 Feudal Age
14:17 Castle Age
12:08 Double-Bit Axe
14:44 Fletching
17:21 Horse Collar
22:00 Bow Saw
21:38 Town Watch
24:01 Ballistics
25:07 Wheelbarrow
25:39 Bloodlines
26:44 Bodkin Arrow
26:55 Padded Archer Armor
28:53 Treadmill Crane
29:50 Thumb Ring
32:19 Hand Cart
34:10 Pikeman
34:52 Squires
38:25 Imperial Age
37:55 Arson
38:25 Scale Mail Armor
38:36 Forging
38:34 Heavy Plow
40:13 Chemistry
38:38 Crossbowman
39:16 Capped Ram
40:38 Heavy Mounted Crossbowman
41:36 Chain Mail Armor
41:56 Iron Casting
41:20 Halberdier
44:24 Conscription
43:33 Shield Wall
44:20 Treadmill Crane
44:27 Cranequins
46:32 Crop Rotation
47:08 Two-Man Saw
46:59 Bracer
47:15 Leather Archer Armor
47:31 Plate Mail Armor
47:36 Iron Casting
49:27 Town Patrol
51:21 Masonry
51:18 Siege Engineers
51:09 Light Cavalry
51:50 Husbandry
52:00 Scale Barding Armor
52:35 Hoardings
54:49 Caravan
crozonr
11:29 Feudal Age
16:30 Double-Bit Axe
16:37 Gold Mining
19:22 Castle Age
18:52 Wheelbarrow
18:16 Stone Mining
24:06 Hand Cart
26:07 Gold Shaft Mining
29:48 Pikeman
40:47 Imperial Age
38:20 Elite Skirmisher
38:43 Ordonnance Companies
39:47 Scale Barding Armor
39:52 Forging
39:37 Fletching
39:48 Padded Archer Armor
41:30 Bow Saw
42:21 Conscription
45:14 Chivalry
47:19 Loom
50:22 Cavalier
51:03 Husbandry
54:33 Chain Barding Armor
55:08 Iron Casting
BEN ABITBOL
7:09 Loom
9:48 Feudal Age
10:21 Double-Bit Axe
10:45 Man-at-Arms
11:55 Arson
17:34 Wheelbarrow
21:18 Castle Age
21:19 Long Swordsman
21:21 Pikeman
21:46 Gambesons
22:02 Squires
22:24 Forging
22:15 Scale Mail Armor
22:48 Bow Saw
24:58 Gold Mining
25:10 Horse Collar
29:08 Hand Cart
28:23 Elite Skirmisher
29:39 Fletching
29:49 Padded Archer Armor
30:25 Iron Casting
30:05 Chain Mail Armor
31:32 Stone Mining
34:55 Town Watch
37:55 Ballistics
37:54 Fortified Wall
37:49 Heavy Plow
39:35 Caravan
40:34 Thumb Ring
43:03 Chain Mail Armor
44:19 Murder Holes
45:24 Gold Shaft Mining
49:52 Imperial Age
49:59 Elite Samurai
50:59 Conscription
51:53 Halberdier
52:07 Capped Ram
54:42 Bodkin Arrow
55:02 Leather Archer Armor
vieiliguane
4:20 Loom
13:25 Feudal Age
14:48 Double-Bit Axe
14:46 Horse Collar
14:59 Gold Mining
15:04 Stone Mining
22:14 Castle Age
22:32 Fletching
22:55 Forging
22:45 Scale Mail Armor
24:34 Pikeman
25:15 Squires
27:20 Elite Skirmisher
30:42 Heavy Plow
31:45 Fortified Wall
33:52 Bodkin Arrow
35:14 Arson
35:50 Town Watch
36:27 Bow Saw
37:40 Chain Mail Armor
38:01 Iron Casting
37:31 Scale Barding Armor
37:27 Padded Archer Armor
39:13 Masonry
38:45 Treadmill Crane
39:03 Murder Holes
40:42 Chieftains
40:29 Crossbowman
44:53 Imperial Age
47:26 Blast Furnace
46:57 Plate Mail Armor
46:28 Bracer
49:19 Architecture
48:55 Siege Engineers
49:51 Chemistry
49:12 Ballistics
48:37 Arrowslits
50:02 Conscription
50:19 Hoardings
51:11 Chain Barding Armor
51:10 Sappers
52:19 Arbalester
55:26 Two-Man Saw
Connection lost

Rejoining the realm…

Still unreachable

The connection could not be restored.

Session expired

The server has moved on; the page needs a fresh start.